| TOP OF THE 1ST |
|
West Virginia Black Bears batting - Pitching for Cincinnati (NYP) Reds : RHP Matt Johnson
|
|
Pitching: RHP Matt Johnson
|
|
|
Batting: LHB Joe Hoover
|
0-0: Called Strike 0-1: Fly out, F8 (Line Drive, 8LD, EV 90.0 MPH)
|
|
Batting: RHB Jose Almonte
|
0-0: Ball 1-0: Called Strike 1-1: Ball 2-1: Foul Ball, location: 2F 2-2: Strikes out swinging
|
|
Batting: RHB Chris Pozzi
|
0-0: SINGLE (Groundball, 6M, EV 97.5 MPH) (infield hit)
|
|
Batting: LHB Gregg Kellerman
|
0-0: Ball 1-0: Ball 2-0: Foul Ball, location: 2F 2-1: DOUBLE (Flyball, 8RXD, EV 93.1 MPH) Chris Pozzi to third Runner from 3rd tries for Home, SAFE, throw by CF to home
|
|
Batting: LHB Brandon Sarni
|
0-0: Ball 1-0: Ball 2-0: Called Strike 2-1: Ball 3-1: Base on Balls
|
|
Batting: RHB John Goynes
|
0-0: Swinging Strike 0-1: Foul Ball, location: 2F 0-2: Ball 1-2: Ball 2-2: Ball 3-2: Strikes out swinging
|
| Top of the 1st over - 1 run, 2 hits, 0 errors, 2 left on base; West Virginia 1 - Cincinnati (NYP) 0 |
| BOTTOM OF THE 1ST |
|
Cincinnati (NYP) Reds batting - Pitching for West Virginia Black Bears : RHP Victor Medina
|
|
Pitching: RHP Victor Medina
|
|
|
Batting: SHB Bryan Johnston
|
0-0: Called Strike 0-1: Bunt missed! 0-2: Ball 1-2: Ball 2-2: Ball 3-2: SINGLE (Flyball, 7S, EV 85.6 MPH)
|
|
Batting: RHB Klaas Meij
|
0-0: Ball Balk! Bryan Johnston to second 1-0: Called Strike 1-1: Swinging Strike 1-2: Strikes out swinging
|
|
Batting: LHB David Moore
|
0-0: Ball 1-0: Ground out 6-3 (Groundball, 6, EV 91.9 MPH) Bryan Johnston to third
|
|
Batting: RHB Ricky Carbajal
|
0-0: Ball 1-0: Foul Ball, location: 2F 1-1: Swinging Strike 1-2: Foul Ball, location: 2F 1-2: Ball 2-2: Ball 3-2: Foul Ball, location: 2F 3-2: SINGLE (Groundball, 6MS, EV 66.2 MPH) (infield hit) Bryan Johnston scores
|
|
Batting: LHB Shigeru Ono
|
0-0: Called Strike Ricky Carbajal steals 2nd base 0-1: Called Strike 0-2: Ball 1-2: Ground out U3 (Groundball, 3, EV 80.6 MPH)
|
| Bottom of the 1st over - 1 run, 2 hits, 0 errors, 1 left on base; West Virginia 1 - Cincinnati (NYP) 1 |
| TOP OF THE 2ND |
|
West Virginia Black Bears batting - Pitching for Cincinnati (NYP) Reds : RHP Matt Johnson
|
|
Batting: SHB Mike Corley
|
0-0: Called Strike 0-1: Foul Ball, location: 2F 0-2: Strikes out looking
|
|
Batting: RHB Pleun Smit
|
0-0: Called Strike 0-1: Called Strike 0-2: Foul Ball, location: 2F 0-2: Ball 1-2: Strikes out swinging
|
|
Batting: RHB Richard Barrios
|
0-0: Called Strike 0-1: Ball 1-1: Ball 2-1: Called Strike 2-2: Foul Ball, location: 2F 2-2: Foul Ball, location: 2F 2-2: Foul Ball, location: 2F 2-2: Strikes out swinging
|
| Top of the 2nd over - 0 runs, 0 hits, 0 errors, 0 left on base; West Virginia 1 - Cincinnati (NYP) 1 |
| BOTTOM OF THE 2ND |
|
Cincinnati (NYP) Reds batting - Pitching for West Virginia Black Bears : RHP Victor Medina
|
|
Batting: RHB Jamie Ingram
|
0-0: Ball 1-0: Ball 2-0: Ground out 4-3 (Groundball, 34, EV 82.5 MPH)
|
|
Batting: SHB Jason Kirby
|
0-0: Called Strike 0-1: Ball 1-1: Ground out U3 (Groundball, 34S, EV 62.5 MPH)
|
|
Batting: RHB R.J. Romberg
|
0-0: Called Strike 0-1: Swinging Strike 0-2: Strikes out swinging
|
| Bottom of the 2nd over - 0 runs, 0 hits, 0 errors, 0 left on base; West Virginia 1 - Cincinnati (NYP) 1 |
| TOP OF THE 3RD |
|
West Virginia Black Bears batting - Pitching for Cincinnati (NYP) Reds : RHP Matt Johnson
|
|
Batting: LHB Joe Hoover
|
0-0: Fly out, F8 (Flyball, 8RD, EV 95.6 MPH)
|
|
Batting: RHB Jose Almonte
|
0-0: Called Strike 0-1: Ball 1-1: Ball 2-1: Fly out, F8 (Flyball, 8LXD, EV 102.5 MPH)
|
|
Batting: RHB Chris Pozzi
|
0-0: Ground out 5-3 (Groundball, 56, EV 81.9 MPH)
|
| Top of the 3rd over - 0 runs, 0 hits, 0 errors, 0 left on base; West Virginia 1 - Cincinnati (NYP) 1 |
| BOTTOM OF THE 3RD |
|
Cincinnati (NYP) Reds batting - Pitching for West Virginia Black Bears : RHP Victor Medina
|
|
Batting: RHB Cyd Carver
|
0-0: Called Strike 0-1: Swinging Strike 0-2: Ball 1-2: Strikes out swinging
|
|
Batting: SHB Bryan Johnston
|
0-0: Ball 1-0: Ball 2-0: Ball 3-0: Base on Balls
|
|
Batting: RHB Klaas Meij
|
0-0: Ball 1-0: Ball Bryan Johnston steals 2nd base 2-0: Called Strike 2-1: SINGLE (Groundball, 13S, EV 65.6 MPH) (infield hit) Bryan Johnston to third
|
|
Batting: LHB David Moore
|
0-0: Called Strike Klaas Meij steals 2nd base 0-1: Foul Ball, location: 2F 0-2: Foul Ball, location: 2F 0-2: Foul Ball, location: 2F 0-2: Ball 1-2: Foul Ball, location: 2F 1-2: SINGLE (Groundball, 34D, EV 100.6 MPH) Bryan Johnston scores Klaas Meij to third Runner from 3rd tries for Home, SAFE, throw by RF to home David Moore to second
|
|
Batting: RHB Ricky Carbajal
|
0-0: Foul Ball, location: 2F 0-1: Foul Ball, location: 2F 0-2: Strikes out looking
|
|
Batting: LHB Shigeru Ono
|
0-0: Called Strike 0-1: Ball 1-1: Called Strike 1-2: Strikes out looking
|
| Bottom of the 3rd over - 2 runs, 2 hits, 0 errors, 1 left on base; West Virginia 1 - Cincinnati (NYP) 3 |
| TOP OF THE 4TH |
|
West Virginia Black Bears batting - Pitching for Cincinnati (NYP) Reds : RHP Matt Johnson
|
|
Batting: LHB Gregg Kellerman
|
0-0: Foul Ball, location: 2F 0-1: Called Strike 0-2: SINGLE (Groundball, 34D, EV 105.6 MPH)
|
|
Batting: LHB Brandon Sarni
|
0-0: Ball 1-0: Fly out, F8 (Line Drive, 8RM, EV 104.4 MPH)
|
|
Batting: RHB John Goynes
|
0-0: Ball 1-0: Ball Wild Pitch! Gregg Kellerman to second 2-0: Called Strike 2-1: Fly out, F8 (Flyball, 8LS, EV 83.8 MPH)
|
|
Batting: SHB Mike Corley
|
0-0: Ball 1-0: Swinging Strike 1-1: Ball Passed Ball! Gregg Kellerman to third 2-1: DOUBLE (Groundball, 3L, EV 106.2 MPH) Gregg Kellerman scores
|
|
Batting: RHB Pleun Smit
|
0-0: Ball 1-0: Foul Ball, location: 2F 1-1: Ground out 6-3 (Groundball, 6, EV 81.2 MPH)
|
| Top of the 4th over - 1 run, 2 hits, 0 errors, 1 left on base; West Virginia 2 - Cincinnati (NYP) 3 |
| BOTTOM OF THE 4TH |
|
Cincinnati (NYP) Reds batting - Pitching for West Virginia Black Bears : RHP Victor Medina
|
|
Batting: RHB Jamie Ingram
|
0-0: Ball 1-0: Ball 2-0: Called Strike 2-1: Ball 3-1: SINGLE (Groundball, 34D, EV 105.0 MPH)
|
|
Batting: SHB Jason Kirby
|
0-0: SINGLE (Line Drive, 5D, EV 102.5 MPH) Jamie Ingram to second
|
|
Batting: RHB R.J. Romberg
|
0-0: Ball 1-0: Grounds into double play, 6-4-3 (Groundball, 6, EV 84.4 MPH) Jamie Ingram to third
|
|
Batting: RHB Cyd Carver
|
0-0: Foul Ball, location: 2F 0-1: Ground out 6-3 (Groundball, 6, EV 106.9 MPH)
|
| Bottom of the 4th over - 0 runs, 2 hits, 0 errors, 1 left on base; West Virginia 2 - Cincinnati (NYP) 3 |
| TOP OF THE 5TH |
|
West Virginia Black Bears batting - Pitching for Cincinnati (NYP) Reds : RHP Matt Johnson
|
|
Batting: RHB Richard Barrios
|
0-0: Foul Ball, location: 2F 0-1: Foul Ball, location: 2F 0-2: Ball 1-2: Foul Ball, location: 2F 1-2: Ground out 4-3 (Groundball, 4, EV 86.2 MPH)
|
|
Batting: LHB Joe Hoover
|
0-0: Ball 1-0: Ball 2-0: Ball 3-0: Called Strike 3-1: Foul Ball, location: 2F 3-2: Foul Ball, location: 2F 3-2: Reached on error, E5 (Groundball, 15, EV 85.6 MPH)
|
|
Batting: RHB Jose Almonte
|
0-0: Ball Joe Hoover is caught stealing 2nd base 2-4 1-0: Foul Ball, location: 2F 1-1: Foul Ball, location: 2F 1-2: Strikes out swinging
|
| Top of the 5th over - 0 runs, 0 hits, 1 error, 0 left on base; West Virginia 2 - Cincinnati (NYP) 3 |
| BOTTOM OF THE 5TH |
|
Cincinnati (NYP) Reds batting - Pitching for West Virginia Black Bears : RHP Victor Medina
|
|
Batting: SHB Bryan Johnston
|
0-0: Ball 1-0: Ball 2-0: Ground out U3 (Groundball, 34S, EV 81.2 MPH)
|
|
Batting: RHB Klaas Meij
|
0-0: SINGLE (Groundball, 6M, EV 109.4 MPH) (infield hit)
|
|
Batting: LHB David Moore
|
0-0: Called Strike 0-1: Ball Klaas Meij steals 2nd base 1-1: Called Strike 1-2: Foul Ball, location: 2F 1-2: Strikes out swinging
|
|
Batting: RHB Ricky Carbajal
|
0-0: Ball 1-0: Ball 2-0: Foul Ball, location: 2F 2-1: Foul Ball, location: 2F 2-2: Foul Ball, location: 2F 2-2: Ground out 6-3 (Groundball, 6, EV 87.5 MPH)
|
| Bottom of the 5th over - 0 runs, 1 hit, 0 errors, 1 left on base; West Virginia 2 - Cincinnati (NYP) 3 |
| TOP OF THE 6TH |
|
West Virginia Black Bears batting - Pitching for Cincinnati (NYP) Reds : RHP Matt Johnson
|
|
Batting: RHB Chris Pozzi
|
0-0: SINGLE (Groundball, 56D, EV 103.1 MPH)
|
|
Batting: LHB Gregg Kellerman
|
0-0: Called Strike 0-1: Ball Chris Pozzi steals 2nd base (no throw) 1-1: Called Strike 1-2: Ground out 3-1 (Groundball, 34, EV 84.4 MPH) Chris Pozzi to third
|
|
Batting: LHB Brandon Sarni
|
0-0: Foul Ball, location: 2F 0-1: Ball 1-1: Ball 2-1: Foul Ball, location: 2F 2-2: Strikes out swinging
|
|
Batting: RHB John Goynes
|
0-0: Ground out 5-3 (Groundball, 56S, EV 80.6 MPH)
|
| Top of the 6th over - 0 runs, 1 hit, 0 errors, 1 left on base; West Virginia 2 - Cincinnati (NYP) 3 |
| BOTTOM OF THE 6TH |
|
Cincinnati (NYP) Reds batting - Pitching for West Virginia Black Bears : RHP Victor Medina
|
|
Pitching: LHP Mario Flores
|
|
|
Batting: LHB Shigeru Ono
|
0-0: Called Strike 0-1: Ball 1-1: Ball 2-1: Ball 3-1: Base on Balls
|
|
Batting: RHB Jamie Ingram
|
0-0: Ball 1-0: Foul Ball, location: 2F 1-1: Ball 2-1: Grounds into double play, 4-6-3 (Groundball, 4, EV 101.9 MPH)
|
|
Batting: SHB Jason Kirby
|
0-0: Foul Ball, location: 2F 0-1: Foul Ball, location: 2F 0-2: Ball 1-2: Foul Ball, location: 2F 1-2: Strikes out swinging
|
| Bottom of the 6th over - 0 runs, 0 hits, 0 errors, 0 left on base; West Virginia 2 - Cincinnati (NYP) 3 |
| TOP OF THE 7TH |
|
West Virginia Black Bears batting - Pitching for Cincinnati (NYP) Reds : RHP Matt Johnson
|
|
Batting: SHB Mike Corley
|
0-0: Ball 1-0: Called Strike 1-1: DOUBLE (Line Drive, 7LM, EV 103.1 MPH)
|
|
Pinch Hitting: LHB Donald Imre
|
0-0: Ball 1-0: Called Strike 1-1: Foul Ball, location: 2F 1-2: Ball 2-2: Ball Wild Pitch! Mike Corley to third 3-2: Base on Balls
|
|
Pinch Hitting: LHB Pat Baker
|
0-0: Ball 1-0: Ball 2-0: Called Strike 2-1: SINGLE (Groundball, 4MD, EV 94.4 MPH) Mike Corley scores Donald Imre to second
|
|
Pitching: RHP Markus Bevan
|
|
|
Batting: LHB Joe Hoover
|
0-0: Sac Bunt to 3S - play at first, batter OUT! 3-1 Donald Imre to third Pat Baker to second
|
|
Batting: RHB Jose Almonte
|
0-0: Intentional Walk
|
|
Batting: RHB Chris Pozzi
|
0-0: Ball 1-0: Foul Ball, location: 2F 1-1: Foul Ball, location: 2F 1-2: Grounds into fielders choice 4-2 (Groundball, 4, EV 85.6 MPH) Pat Baker to third Jose Almonte to second
|
|
Batting: LHB Gregg Kellerman
|
0-0: Ground out 3-1 (Groundball, 34S, EV 79.4 MPH)
|
| Top of the 7th over - 1 run, 2 hits, 0 errors, 3 left on base; West Virginia 3 - Cincinnati (NYP) 3 |
| BOTTOM OF THE 7TH |
|
Cincinnati (NYP) Reds batting - Pitching for West Virginia Black Bears : LHP Mario Flores
|
|
Pitching: RHP George Clarke
|
|
|
Now at 2B: Donald Imre
|
|
|
Now at 3B: Freddy Quintero
|
|
|
Now at SS: Brandon Sarni
|
|
|
Batting: RHB R.J. Romberg
|
0-0: SOLO HOME RUN (Flyball, 9LD, EV 95.0 MPH), Distance : 356 ft
|
|
Batting: RHB Cyd Carver
|
0-0: Fly out, F3 (Popup, 3L, EV 74.4 MPH)
|
|
Batting: SHB Bryan Johnston
|
0-0: Foul Ball, location: 2F 0-1: Ball 1-1: Foul Ball, location: 2F 1-2: Fly out, F9 (Flyball, 9LD, EV 98.8 MPH)
|
|
Batting: RHB Klaas Meij
|
0-0: Ball 1-0: Ball 2-0: Called Strike 2-1: SINGLE (Line Drive, 4D, EV 102.5 MPH)
|
|
Pitching: RHP Mike West
|
|
|
Batting: LHB David Moore
|
0-0: Called Strike 0-1: Ball 1-1: Swinging Strike 1-2: Foul Ball, location: 2F 1-2: Ball Klaas Meij is caught stealing 2nd base 2-6
|
| Bottom of the 7th over - 1 run, 2 hits, 0 errors, 0 left on base; West Virginia 3 - Cincinnati (NYP) 4 |
| TOP OF THE 8TH |
|
West Virginia Black Bears batting - Pitching for Cincinnati (NYP) Reds : RHP Markus Bevan
|
|
Batting: LHB Brandon Sarni
|
0-0: Ball 1-0: Called Strike 1-1: Called Strike 1-2: Strikes out swinging
|
|
Batting: RHB John Goynes
|
0-0: Ball 1-0: Ball 2-0: Hit by Pitch
|
|
Batting: SHB Mike Corley
|
0-0: Ball 1-0: Called Strike 1-1: Swinging Strike 1-2: Ball 2-2: Ball 3-2: Strikes out looking
|
|
Batting: LHB Donald Imre
|
0-0: Fielders Choice at 2nd, 5-4 (Groundball, 56, EV 87.5 MPH)
|
| Top of the 8th over - 0 runs, 0 hits, 0 errors, 1 left on base; West Virginia 3 - Cincinnati (NYP) 4 |
| BOTTOM OF THE 8TH |
|
Cincinnati (NYP) Reds batting - Pitching for West Virginia Black Bears : RHP Mike West
|
|
Batting: LHB David Moore
|
0-0: Ball 1-0: Swinging Strike 1-1: Foul Ball, location: 2F 1-2: Strikes out swinging
|
|
Batting: RHB Ricky Carbajal
|
0-0: Ball 1-0: Ball 2-0: Ball 3-0: Base on Balls
|
|
Batting: LHB Shigeru Ono
|
0-0: Called Strike 0-1: Ball Ricky Carbajal steals 2nd base 1-1: Intentional Walk
|
|
Batting: RHB Jamie Ingram
|
0-0: Called Strike Ricky Carbajal steals 3rd base 0-1: Called Strike 0-2: Ball 1-2: Ball 2-2: Ball 3-2: Foul Ball, location: 2F 3-2: Fly out, F8 (Line Drive, 8RM, EV 93.8 MPH) Runner from 3rd tags up, SCORES, no throw by CF
|
|
Batting: SHB Jason Kirby
|
0-0: Foul Ball, location: 2F 0-1: Foul Ball, location: 2F 0-2: SINGLE (Line Drive, 8RS, EV 88.1 MPH) Shigeru Ono to second
|
|
Batting: RHB R.J. Romberg
|
0-0: Foul Ball, location: 2F 0-1: Foul Ball, location: 2F 0-2: Ball 1-2: Strikes out swinging
|
| Bottom of the 8th over - 1 run, 1 hit, 0 errors, 2 left on base; West Virginia 3 - Cincinnati (NYP) 5 |
| TOP OF THE 9TH |
|
West Virginia Black Bears batting - Pitching for Cincinnati (NYP) Reds : RHP Markus Bevan
|
|
Pitching: LHP Jin Zhui
|
|
|
Now at 3B: Danny Pontius
|
|
|
Batting: RHB Freddy Quintero
|
0-0: Called Strike 0-1: Ball 1-1: Foul Ball, location: 2F 1-2: Foul Ball, location: 2F 1-2: Strikes out looking
|
|
Pinch Hitting: RHB Aaron Kaskie
|
0-0: Called Strike 0-1: SINGLE (Groundball, 6S, EV 71.2 MPH) (infield hit)
|
|
Batting: RHB Jose Almonte
|
0-0: Called Strike 0-1: Foul Ball, location: 2F 0-2: Foul Ball, location: 2F 0-2: Foul Ball, location: 2F 0-2: Ball 1-2: Reached on error, E1 (Groundball, 15S, EV 66.2 MPH) Aaron Kaskie to second
|
|
Batting: RHB Chris Pozzi
|
0-0: Called Strike 0-1: Called Strike 0-2: Ball 1-2: Ball 2-2: Foul Ball, location: 2F 2-2: Ball 3-2: Strikes out swinging
|
|
Pinch Hitting: RHB Nick Wilkins
|
0-0: Swinging Strike 0-1: Ball 1-1: SINGLE (Flyball, 56D, EV 90.0 MPH) Aaron Kaskie to third Jose Almonte to second
|
|
Pinch Hitting: RHB Rick Pittman
|
0-0: Ball 1-0: Foul Ball, location: 2F 1-1: Fly out, F4 (Line Drive, 4, EV 61.9 MPH)
|
| Top of the 9th over - 0 runs, 2 hits, 1 error, 3 left on base; West Virginia 3 - Cincinnati (NYP) 5 |
|